NCAA
ALABAMA CRIMSON TIDE @ OKLAHOMA STATE COWBOYS
04/19/2023
 
TOP OF THE 1ST
Alabama Crimson Tide batting - Pitching for Oklahoma State Cowboys : RHP Lance Britt
Pitching: RHP Lance Britt
Batting: LHB Raúl Morales 0-0: DOUBLE (Flyball, 89M)
Batting: LHB Miguel Colón 0-0: Ball
1-0: Called Strike
1-1: Ball
2-1: SINGLE (Groundball, 34)
Raúl Morales to third
Batting: LHB Mike Godfrey 0-0: Ball
1-0: Swinging Strike
1-1: Fly out, F7 (Flyball, 78M)
Runner from 3rd tags up, SCORES, no throw
Batting: LHB Davey Davis 0-0: Called Strike
0-1: Ball
1-1: Called Strike
1-2: Foul Ball, location: 2F
1-2: Ball
2-2: Ball
3-2: Strikes out looking
Miguel Colón steals 2nd base
Batter strikes out.
Batting: LHB Carlos Osorio 0-0: Called Strike
0-1: Ball
1-1: Ball
Wild Pitch!
Miguel Colón to third
2-1: Ground out 4-3 (Groundball, 34)
Top of the 1st over - 1 run(s), 2 hit(s), 0 error(s), 1 left on base; Alabama 1 - Oklahoma State 0
BOTTOM OF THE 1ST
Oklahoma State Cowboys batting - Pitching for Alabama Crimson Tide : RHP Brad Small
Pitching: RHP Brad Small
Batting: RHB Mark Hart 0-0: Ball
1-0: Ball
2-0: Swinging Strike
2-1: Foul Ball, location: 2F
2-2: Foul Ball, location: 2F
2-2: Strikes out looking
Batting: RHB Mike Johnson 0-0: Ball
1-0: Ball
2-0: Ball
3-0: Called Strike
3-1: Foul Ball, location: 2F
3-2: Base on Balls
Batting: RHB Roberto García 0-0: Ball
Throwing error on steal attempt, E2
Mike Johnson to third
1-0: Foul Ball, location: 2F
1-1: Foul Ball, location: 2F
1-2: Ball
2-2: Foul Ball, location: 2F
2-2: Foul Ball, location: 2F
2-2: Ball
3-2: SINGLE (Line Drive, 7LS)
Mike Johnson scores
Batting: RHB Jack Hollon 0-0: Swinging Strike
0-1: Swinging Strike
0-2: DOUBLE (Flyball, 9LS)
Roberto García to third
Batting: LHB Kent Fremantle 0-0: Ball
1-0: Ball
2-0: Called Strike
2-1: Foul Ball, location: 2F
2-2: Foul Ball, location: 2F
2-2: Ball
3-2: SINGLE (Flyball, 8RS)
Roberto García scores
Jack Hollon to third
Batting: RHB Mark McCullough 0-0: Ball
1-0: Foul Ball, location: 2F
1-1: Ball
2-1: Fly out, F9 (Flyball, 9M)
Throwing error, E9
Jack Hollon scores
Kent Fremantle to second
Batting: LHB Wayne Pugh 0-0: Ball
1-0: Ball
2-0: Called Strike
2-1: Swinging Strike
2-2: Strikes out looking
Bottom of the 1st over - 3 run(s), 3 hit(s), 2 error(s), 1 left on base; Alabama 1 - Oklahoma State 3
TOP OF THE 2ND
Alabama Crimson Tide batting - Pitching for Oklahoma State Cowboys : RHP Lance Britt
Batting: RHB Pablo Gómez 0-0: Called Strike
0-1: Foul Ball, location: 2F
0-2: Foul Ball, location: 2F
0-2: Foul Ball, location: 2F
0-2: Strikes out swinging
Batting: RHB Gerald Johnson 0-0: Ball
1-0: Ball
2-0: Reached on Error, E7 (Flyball, 7LM)
Batting: RHB Eddie Howell 0-0: Ball
1-0: Fly out, F2 (Popup, 25F)
Batting: SHB Shane Hutchinson 0-0: Fly out, F6 (Popup, 56D)
Top of the 2nd over - 0 run(s), 0 hit(s), 1 error(s), 1 left on base; Alabama 1 - Oklahoma State 3
BOTTOM OF THE 2ND
Oklahoma State Cowboys batting - Pitching for Alabama Crimson Tide : RHP Brad Small
Batting: SHB Von Smith 0-0: Called Strike
0-1: Swinging Strike
0-2: Strikes out looking
Batting: RHB Earnest Maldonado 0-0: Ball
1-0: Ball
2-0: Called Strike
2-1: Called Strike
2-2: Strikes out swinging
Batting: RHB Mark Hart 0-0: Ball
1-0: Ball
2-0: Ball
3-0: Called Strike
3-1: Base on Balls
Batting: RHB Mike Johnson 0-0: Ball
1-0: Called Strike
1-1: Ball
2-1: Ball
3-1: Base on Balls
Mark Hart to second
Batting: RHB Roberto García 0-0: Called Strike
0-1: Foul Ball, location: 2F
0-2: Strikes out swinging
Bottom of the 2nd over - 0 run(s), 0 hit(s), 0 error(s), 2 left on base; Alabama 1 - Oklahoma State 3
TOP OF THE 3RD
Alabama Crimson Tide batting - Pitching for Oklahoma State Cowboys : RHP Lance Britt
Batting: LHB Raúl Morales 0-0: Ball
1-0: Called Strike
1-1: Fly out, F7 (Flyball, 7D)
Batting: LHB Miguel Colón 0-0: Ball
1-0: Called Strike
1-1: Ball
2-1: Foul Ball, location: 2F
2-2: Ball
3-2: Strikes out swinging
Batting: LHB Mike Godfrey 0-0: Ball
1-0: SINGLE (Line Drive, 56D)
Batting: LHB Davey Davis 0-0: Called Strike
0-1: Called Strike
0-2: Strikes out swinging
Top of the 3rd over - 0 run(s), 1 hit(s), 0 error(s), 1 left on base; Alabama 1 - Oklahoma State 3
BOTTOM OF THE 3RD
Oklahoma State Cowboys batting - Pitching for Alabama Crimson Tide : RHP Brad Small
Batting: RHB Jack Hollon 0-0: Foul Ball, location: 2F
0-1: Ground out 5-3 (Groundball, 5S)
Batting: LHB Kent Fremantle 0-0: Foul Ball, location: 2F
0-1: Called Strike
0-2: Strikes out looking
Batting: RHB Mark McCullough 0-0: Ground out 4-3 (Groundball, 4MS)
Bottom of the 3rd over - 0 run(s), 0 hit(s), 0 error(s), 0 left on base; Alabama 1 - Oklahoma State 3
TOP OF THE 4TH
Alabama Crimson Tide batting - Pitching for Oklahoma State Cowboys : RHP Lance Britt
Batting: LHB Carlos Osorio 0-0: Ball
1-0: Foul Ball, location: 2F
1-1: Ball
2-1: Ground out 4-3 (Groundball, 4)
Batting: RHB Pablo Gómez 0-0: Swinging Strike
0-1: Ball
1-1: Fly out, F3 (Popup, 23F)
Batting: RHB Gerald Johnson 0-0: Called Strike
0-1: Foul Ball, location: 2F
0-2: Ball
1-2: Foul Ball, location: 2F
1-2: Ground out 5-3 (Groundball, 15S)
Top of the 4th over - 0 run(s), 0 hit(s), 0 error(s), 0 left on base; Alabama 1 - Oklahoma State 3
BOTTOM OF THE 4TH
Oklahoma State Cowboys batting - Pitching for Alabama Crimson Tide : RHP Brad Small
Batting: LHB Wayne Pugh 0-0: Ball
1-0: Ball
2-0: Ball
3-0: Called Strike
3-1: Ground out 4-3 (Groundball, 34)
Batting: SHB Von Smith 0-0: Ground out 4-3 (Groundball, 4)
Batting: RHB Earnest Maldonado 0-0: Ball
1-0: Ball
2-0: SINGLE (Groundball, 4M)
Batting: RHB Mark Hart 0-0: Ball
1-0: Ball
2-0: Ball
3-0: Base on Balls
Earnest Maldonado to second
Batting: RHB Mike Johnson 0-0: Ball
1-0: Ball
2-0: Called Strike
2-1: Foul Ball, location: 2F
2-2: Strikes out swinging
Bottom of the 4th over - 0 run(s), 1 hit(s), 0 error(s), 2 left on base; Alabama 1 - Oklahoma State 3
TOP OF THE 5TH
Alabama Crimson Tide batting - Pitching for Oklahoma State Cowboys : RHP Lance Britt
Batting: RHB Eddie Howell 0-0: Ball
1-0: Foul Ball, location: 2F
1-1: SINGLE (Groundball, 6MD)
Batting: SHB Shane Hutchinson 0-0: Ball
1-0: Foul Ball, location: 2F
1-1: Ball
2-1: Called Strike
2-2: Strikes out swinging
Batting: LHB Raúl Morales 0-0: Called Strike
0-1: SINGLE (Groundball, 34D)
Eddie Howell to second
Throwing error, E9
Eddie Howell scores
Raúl Morales to second
Batting: LHB Miguel Colón 0-0: Called Strike
Raúl Morales steals 3rd base
0-1: Fly out, F6 (Line Drive, 6D)
Batting: LHB Mike Godfrey 0-0: Ball
1-0: SINGLE (Groundball, 6MD)
Raúl Morales scores
Batting: LHB Davey Davis 0-0: Called Strike
0-1: Ball
1-1: Ball
2-1: Ground out 3-1 (Groundball, 34)
Top of the 5th over - 2 run(s), 3 hit(s), 1 error(s), 1 left on base; Alabama 3 - Oklahoma State 3
BOTTOM OF THE 5TH
Oklahoma State Cowboys batting - Pitching for Alabama Crimson Tide : RHP Brad Small
Pitching: RHP Logan Villiers
Batting: RHB Roberto García 0-0: Foul Ball, location: 2F
0-1: Ball
1-1: SINGLE (Flyball, 8RS)
Batting: RHB Jack Hollon 0-0: Grounds into double play, 6-4-3 (Groundball, 6)
Batting: LHB Kent Fremantle 0-0: Called Strike
0-1: Ball
1-1: Swinging Strike
1-2: Foul Ball, location: 2F
1-2: Ball
2-2: Strikes out swinging
Bottom of the 5th over - 0 run(s), 1 hit(s), 0 error(s), 0 left on base; Alabama 3 - Oklahoma State 3
TOP OF THE 6TH
Alabama Crimson Tide batting - Pitching for Oklahoma State Cowboys : RHP Lance Britt
Batting: LHB Carlos Osorio 0-0: Called Strike
0-1: Ground out 4-3 (Groundball, 4M)
Batting: RHB Pablo Gómez 0-0: Foul Ball, location: 2F
0-1: SOLO HOME RUN (Flyball, 8LXD), Distance : 388 ft
Batting: RHB Gerald Johnson 0-0: Foul Ball, location: 2F
0-1: Ball
1-1: Ball
2-1: Ball
3-1: Foul Ball, location: 2F
3-2: Strikes out swinging
Batting: RHB Eddie Howell 0-0: Ball
1-0: Ground out 1-3 (Groundball, 15)
Top of the 6th over - 1 run(s), 1 hit(s), 0 error(s), 0 left on base; Alabama 4 - Oklahoma State 3
BOTTOM OF THE 6TH
Oklahoma State Cowboys batting - Pitching for Alabama Crimson Tide : RHP Logan Villiers
Batting: RHB Mark McCullough 0-0: Foul Ball, location: 2F
0-1: Ball
1-1: Foul Ball, location: 2F
1-2: Ground out 4-3 (Groundball, 4)
Batting: LHB Wayne Pugh 0-0: Ground out 6-3 (Groundball, 6)
Batting: SHB Von Smith 0-0: Ball
1-0: Ball
2-0: Ball
3-0: Called Strike
3-1: Swinging Strike
3-2: Strikes out swinging
Bottom of the 6th over - 0 run(s), 0 hit(s), 0 error(s), 0 left on base; Alabama 4 - Oklahoma State 3
TOP OF THE 7TH
Alabama Crimson Tide batting - Pitching for Oklahoma State Cowboys : RHP Lance Britt
Pitching: RHP Rod Pittman
Batting: SHB Shane Hutchinson 0-0: Ball
1-0: SOLO HOME RUN (Flyball, 89XD), Distance : 366 ft
Batting: LHB Raúl Morales 0-0: Called Strike
0-1: Foul Ball, location: 2F
0-2: Fly out, F5 (Popup, 5F)
Batting: LHB Miguel Colón 0-0: Ball
1-0: SOLO HOME RUN (Flyball, 8LXD), Distance : 409 ft
Batting: LHB Mike Godfrey 0-0: Called Strike
0-1: Ball
1-1: Called Strike
1-2: Fly out, F5 (Popup, 5S)
Batting: LHB Davey Davis 0-0: Ground out 4-3 (Groundball, 4)
Top of the 7th over - 2 run(s), 2 hit(s), 0 error(s), 0 left on base; Alabama 6 - Oklahoma State 3
BOTTOM OF THE 7TH
Oklahoma State Cowboys batting - Pitching for Alabama Crimson Tide : RHP Logan Villiers
Pitching: LHP Earl Holliday
Batting: RHB Earnest Maldonado 0-0: Fly out, F9 (Line Drive, 9M)
Batting: RHB Mark Hart 0-0: Ball
1-0: Fly out, F4 (Line Drive, 4M)
Batting: RHB Mike Johnson 0-0: Ball
1-0: Fly out, F9 (Line Drive, 89M)
Bottom of the 7th over - 0 run(s), 0 hit(s), 0 error(s), 0 left on base; Alabama 6 - Oklahoma State 3
TOP OF THE 8TH
Alabama Crimson Tide batting - Pitching for Oklahoma State Cowboys : RHP Rod Pittman
Batting: LHB Carlos Osorio 0-0: Ball
1-0: Ball
2-0: Ball
3-0: Called Strike
3-1: Fly out, F5 (Popup, 5F)
Batting: RHB Pablo Gómez 0-0: Swinging Strike
0-1: Called Strike
0-2: Ball
1-2: Strikes out looking
Batting: RHB Gerald Johnson 0-0: Ball
1-0: Ball
2-0: Foul Ball, location: 2F
2-1: Foul Ball, location: 2F
2-2: Ball
3-2: Strikes out swinging
Top of the 8th over - 0 run(s), 0 hit(s), 0 error(s), 0 left on base; Alabama 6 - Oklahoma State 3
BOTTOM OF THE 8TH
Oklahoma State Cowboys batting - Pitching for Alabama Crimson Tide : LHP Earl Holliday
Batting: RHB Roberto García 0-0: Called Strike
0-1: SINGLE (Line Drive, 3D)
Pitching: RHP Bill Allen
Batting: RHB Jack Hollon 0-0: Called Strike
0-1: DOUBLE (Groundball, 5L)
Roberto García to third
Pinch Runner at 2nd John Hill:
Batting: LHB Kent Fremantle 0-0: Called Strike
0-1: DOUBLE (Flyball, 78M)
Roberto García scores
John Hill scores
Batting: RHB Mark McCullough 0-0: Ball
1-0: Ball
2-0: Ball
3-0: Base on Balls
Batting: LHB Wayne Pugh 0-0: Ball
1-0: Ground out 5-3 (Groundball, 56S)
Kent Fremantle to third
Mark McCullough to second
Batting: SHB Von Smith 0-0: Ball
1-0: Ground out U3 (Groundball, 3S)
Batting: RHB Earnest Maldonado 0-0: Called Strike
0-1: Ball
1-1: Ball
2-1: Ball
3-1: Base on Balls
Batting: RHB Mark Hart 0-0: Called Strike
0-1: Called Strike
0-2: Ball
1-2: Ball
2-2: Strikes out swinging
Bottom of the 8th over - 2 run(s), 3 hit(s), 0 error(s), 3 left on base; Alabama 6 - Oklahoma State 5
TOP OF THE 9TH
Alabama Crimson Tide batting - Pitching for Oklahoma State Cowboys : RHP Rod Pittman
Now at 1B: John Hill
Batting: RHB Eddie Howell 0-0: Ball
1-0: Foul Ball, location: 2F
1-1: Foul Ball, location: 2F
1-2: Ball
2-2: Ball
3-2: SINGLE (Groundball, 5D)
Batting: SHB Shane Hutchinson 0-0: Ball
1-0: Bunted foul
1-1: Ball
2-1: Bunt missed!
2-2: Foul Ball, location: 2F
2-2: Strikes out swinging
Pitching: RHP Todd Brewster
Batting: LHB Raúl Morales 0-0: Called Strike
0-1: Swinging Strike
0-2: Fly out, F8 (Flyball, 8LS)
Batting: LHB Miguel Colón 0-0: Ground out U3 (Groundball, 3)
Top of the 9th over - 0 run(s), 1 hit(s), 0 error(s), 1 left on base; Alabama 6 - Oklahoma State 5
BOTTOM OF THE 9TH
Oklahoma State Cowboys batting - Pitching for Alabama Crimson Tide : RHP Bill Allen
Pitching: RHP Michael Cole
Now at 3B: Andrew O'Dell
Now in CF: Alan Garland
Batting: RHB Mike Johnson 0-0: Ball
1-0: Swinging Strike
1-1: DOUBLE (Flyball, 78M)
Batting: RHB Roberto García 0-0: Ball
1-0: Called Strike
1-1: Ball
2-1: Ball
3-1: Base on Balls
Batting: SHB John Hill 0-0: Foul Ball, location: 2F
0-1: Foul Ball, location: 2F
0-2: Ball
1-2: DOUBLE (Flyball, 7LM)
Mike Johnson scores
Roberto García to third
Batting: LHB Kent Fremantle 0-0: Intentional Walk
Batting: RHB Mark McCullough 0-0: SINGLE (Line Drive, 56D)
Roberto García scores
This league is powered by Out of the Park Baseball, the baseball management simulation game for PC, Mac and Linux
Wednesday, December 2nd, 2015 - OOTP Baseball 16.8 Build 38